 Dungeon Crawl Stone Soup version 0.17.1-3-g152610e (webtiles) character file.

12791 Arkorax the Arsonist (level 11, -2/74 HPs)
             Began as a Hill Orc Fire Elementalist on Mar 23, 2016.
             Was the Champion of Sif Muna.
             Succumbed to godescalc's ghost's toxic radiance
             ... on level 1 of the Lair of Beasts.
             The game lasted 00:40:47 (18726 turns).

Arkorax the Arsonist (Hill Orc Fire Elementalist)  Turns: 18726, Time: 00:40:47

Health: -2/74      AC:  9    Str: 12    XL:     11   Next: 98%
Magic:  17/23      EV: 12    Int: 23    God:    Sif Muna [******]
Gold:   541        SH:  0    Dex: 16    Spells: 5 memorised, 11 levels left

rFire  + . .     SeeInvis .     F - staff of fire
rCold  . . .     Clarity  .     a - +1 robe
rNeg   . . .     SustAt   .     (no shield)
rPois  .         Gourm    .     (no helmet)
rElec  .         Spirit   .     O - +0 cloak (curse)
rCorr  .         Warding  .     o - +1 pair of gloves
rMut   +         Stasis   .     J - +2 pair of boots
MR     .....                    n - amulet of resist mutation
Stlth  ++........               (no ring)
                                w - +5 ring of dexterity

@: brilliant, lethally poisoned (-2 -> -49), not resistant to hostile
enchantments, unstealthy
A: no striking features
a: Channel Energy, Forget Spell, Renounce Religion


You were on level 1 of the Lair of Beasts.
You worshipped Sif Muna.
Sif Muna was exalted by your worship.
You were hungry.

You visited 3 branches of the dungeon, and saw 14 of its levels.

You collected 541 gold pieces.

Inventory:

Hand Weapons
 d - the +7 scimitar "Demonbane" {drain, rF++ Dex+3}
   (You found it on level 6 of the Dungeon)

   A truly terrible weapon, it drains the life of those it strikes.
   It affects your dexterity (+3).
   It greatly protects you from fire.
 e - a +0 flail of holy wrath
 D - a +4 spear of freezing
 E - a +3 vampiric short sword
Missiles
 j - 2 throwing nets (quivered)
 y - 7 tomahawks
Armour
 a - a +1 robe (worn)
 o - a +1 pair of gloves (worn)
 v - a +0 pair of boots
 A - a +0 plate armour of positive energy
 J - a +2 pair of boots (worn)
 O - a cursed +0 cloak (worn)
Magical Staves
 F - an uncursed staff of fire (weapon)
Jewellery
 n - an amulet of resist mutation (around neck)
 w - a +5 ring of dexterity (left hand)
Wands
 q - a wand of heal wounds (0)
 M - a wand of disintegration (6)
 Q - a wand of invisibility (1)
Scrolls
 i - a scroll of fog
 k - 6 scrolls of remove curse
 r - 2 scrolls of fear
 z - 11 scrolls of identify
 L - a scroll of enchant weapon
Potions
 c - 2 potions of ambrosia {unknown}
 g - a potion of heal wounds {unknown}
 h - 2 potions of brilliance
 l - a potion of haste {unknown}
 m - a potion of poison {unknown}
 p - 2 potions of degeneration {unknown}
 s - 3 potions of curing {unknown}
 u - 4 potions of magic {unknown}
 B - a potion of invisibility {unknown}
 C - a potion of cure mutation {unknown}
 H - 2 potions of lignification {unknown}
 I - a potion of resistance {unknown}
 K - a potion of might {unknown}
 N - a potion of beneficial mutation {unknown}
 U - a potion of berserk rage {unknown}
Books
 b - a book of Flames

   Spells                             Type                      Level
   a - Flame Tongue                   Conjuration/Fire             1
   b - Throw Flame                    Conjuration/Fire             2
   c - Conjure Flame                  Conjuration/Fire             3
   d - Inner Flame                    Hexes/Fire                   3
   e - Sticky Flame                   Conjuration/Fire             4
   f - Fireball                       Conjuration/Fire             5
 P - a Young Poisoner's Handbook

   Spells                             Type                      Level
   a - Sting                          Conjuration/Poison           1
   b - Cure Poison                    Poison                       2
   c - Mephitic Cloud                 Conjuration/Poison/Air       3
   d - Olgreb's Toxic Radiance        Poison                       4
   e - Venom Bolt                     Conjuration/Poison           5
 R - a book of Frost

   Spells                             Type                      Level
   a - Freeze                         Ice                          1
   b - Throw Frost                    Conjuration/Ice              2
   c - Ozocubu's Armour               Charms/Ice                   3
   d - Throw Icicle                   Conjuration/Ice              4
   e - Summon Ice Beast               Ice/Summoning                4
   f - Condensation Shield            Ice                          4
Comestibles
 f - 8 fruits
 t - a beef jerky
 x - 7 slices of pizza
 G - a bread ration
 S - 2 meat rations
 T - 3 chunks of flesh


   Skills:
 - Level 1.5 Dodging
 - Level 1.5 Stealth
 * Level 8.0 Spellcasting
 - Level 10.1 Conjurations
 + Level 12.4 Fire Magic
 + Level 6.7 Invocations


You had 11 spell levels left.
You knew the following spells:

 Your Spells              Type           Power        Failure   Level  Hunger
a - Flame Tongue          Conj/Fire      #####        1%          1    None
b - Conjure Flame         Conj/Fire      #######.     1%          3    None
c - Sticky Flame          Conj/Fire      #######.     1%          4    ###....
d - Fireball              Conj/Fire      #######...   1%          5    #####..
e - Cure Poison           Pois           ###.......   1%          2    None


Dungeon Overview and Level Annotations

Branches:
Dungeon (12/15)            Temple (1/1) D:6            Lair (1/8) D:9
    Orc: D:9-12

Altars:
Ashenzari
Cheibriados
Fedhas
Gozag
Kikubaaqudgha
Nemelex Xobeh
Qazlal
Sif Muna
Vehumet
Yredelemnul
Zin
Jiyva

Annotations:
Lair:1 godescalc's ghost, journeyman SpEn


Message History

You are more poisoned.
You feel sick.
* * * LOW HITPOINT WARNING * * *
You are more poisoned.
Godescalc's ghost whispers, "Death is liberation."
Godescalc's ghost hits you but does no damage.
* * * LOW HITPOINT WARNING * * *
You feel very sick.
* * * LOW HITPOINT WARNING * * *
You are more poisoned.
Drink which item? (? for menu, Esc to quit)
Okay, then.
Read which item? (? for menu, Esc to quit)
Okay, then.
Read which item? (? for menu, Esc to quit)
Okay, then.
Drink which item? (? for menu, Esc to quit)
It was a potion of brilliance.
You feel clever all of a sudden.
You die...

.......#............# ##........
........P...........####.........
.....................##..........
....................###..........
...................## #...#......
.......#...........# ##...##.....
......##...........###..#####....
....###......................#...
..### #.........@.............#..
.## ###....<.##W......P......#.
## ##..####................. ####
#.....P..P........
#.................
#........P........
##......P....P...##
#...#............# #
##...##..........##


You could see godescalc's ghost.

Vanquished Creatures
  A hydra (Lair:1)
  The ghost of Gargoyl the Protected, a novice DsAK of Lugonu (D:9)
  A hill giant (D:10)
  Maurice (D:9)
  A black mamba (Lair:1)
  A centaur skeleton (D:10)
  A spiny frog (Lair:1)
  2 komodo dragons (Lair:1)
  5 blink frogs (Lair:1)
  4 polar bears (D:9)
  3 trolls (D:9)
  Sigmund (D:2)
  A yak (D:9)
  A wyvern (D:8)
  A hippogriff (D:10)
  A steam dragon (D:8)
  A deep elf fighter (D:10)
  A hungry ghost (D:7)
  2 water moccasins
  8 ogres
  3 sky beasts
  4 orc warriors
  A black bear (D:6)
  3 ice beasts
  4 crocodiles
  2 phantoms
  5 centaurs
  5 giant frogs
  A gnoll sergeant (D:5)
  12 killer bees
  A water moccasin skeleton (D:10)
  6 scorpions
  A quasit (D:10)
  3 crimson imps
  3 centaur zombies
  5 hounds
  An electric eel (D:9)
  7 orc priests
  3 giant frog zombies
  3 jellies
  9 orc wizards
  3 giant frog skeletons
  6 iguanas
  10 worker ants
  A hound zombie (D:10)
  A hound skeleton (D:3)
  A worker ant zombie (D:7)
  6 gnolls
  3 shadow imps (D:9)
  9 adders
  3 white imps (D:9)
  A worker ant simulacrum (D:9)
  2 ufetubi (D:9)
  3 oozes
  2 adder zombies
  2 adder skeletons
  5 giant geckos
  31 orcs
  5 giant cockroaches
  5 hobgoblins
  14 jackals
  10 kobolds
  3 quokkas
  A bat (D:2)
  A giant gecko zombie (D:5)
  8 giant newts
  10 goblins
  6 rats
272 creatures vanquished.

Vanquished Creatures (others)
  A jelly (D:10)
  2 fungi (Lair:1)
  5 plants (Lair:1)
8 creatures vanquished.

Grand Total: 280 creatures vanquished

Notes
Turn   | Place    | Note
--------------------------------------------------------------
     0 | D:1      | Arkorax the Hill Orc Fire Elementalist began the quest for the Orb.
     0 | D:1      | Reached XP level 1. HP: 14/14 MP: 3/3
   257 | D:1      | Reached XP level 2. HP: 17/20 MP: 0/4
   983 | D:2      | Reached skill level 4 in Fire Magic
   983 | D:2      | Reached XP level 3. HP: 24/26 MP: 1/5
  1151 | D:2      | Noticed Sigmund
  1505 | D:2      | Learned a level 3 spell: Conjure Flame
  1867 | D:2      | Reached XP level 4. HP: 12/33 MP: 1/7
  2551 | D:2      | Reached XP level 5. HP: 27/38 MP: 2/8
  2646 | D:2      | Killed Sigmund
  2646 | D:2      | Reached skill level 5 in Fire Magic
  2646 | D:2      | Reached XP level 6. HP: 39/45 MP: 3/9
  2702 | D:2      | Learned a level 4 spell: Sticky Flame
  4216 | D:3      | Reached skill level 6 in Fire Magic
  4216 | D:3      | Reached XP level 7. HP: 31/50 MP: 1/11
  5848 | D:5      | Entered Level 5 of the Dungeon
  5976 | D:5      | Found an opulent altar of Gozag.
  5977 | D:5      | Found a radiant altar of Vehumet.
  5977 | D:5      | Found a basalt altar of Yredelemnul.
  5977 | D:5      | Found an ancient bone altar of Kikubaaqudgha.
  5983 | D:5      | Reached skill level 5 in Conjurations
  6031 | D:5      | Found a glowing silver altar of Zin.
  6031 | D:5      | Found a shattered altar of Ashenzari.
  6440 | D:5      | Reached XP level 8. HP: 39/57 MP: 5/13
  6579 | D:5      | Reached skill level 7 in Fire Magic
  7840 | D:6      | Reached skill level 8 in Fire Magic
  7855 | D:6      | HP: 2/57 [orc wizard/puff of flame (8)]
  8018 | D:6      | Learned a level 5 spell: Fireball
  8302 | D:6      | Found a staircase to the Ecumenical Temple.
  8310 | Temple   | Entered the Ecumenical Temple
  8317 | Temple   | Became a worshipper of Sif Muna the Loreminder
  8351 | D:6      | Reached XP level 9. HP: 23/62 MP: 9/15
  8793 | D:6      | Got a fine scimitar
  8794 | D:6      | Identified the +7 scimitar "Demonbane" {drain, rF++ Dex+3} (You found it on level 6 of the Dungeon)
  9259 | D:7      | Reached skill level 9 in Fire Magic
  9528 | D:7      | Reached * piety under Sif Muna
 10732 | D:8      | Reached ** piety under Sif Muna
 11260 | D:8      | Reached skill level 10 in Fire Magic
 11395 | D:8      | Reached XP level 10. HP: 69/69 MP: 12/17
 11520 | D:8      | Found a viscous altar of Jiyva.
 11731 | D:8      | Reached skill level 5 in Spellcasting
 11813 | D:8      | Found an opulent altar of Gozag.
 12480 | D:9      | Reached *** piety under Sif Muna
 13326 | D:9      | Reached skill level 11 in Fire Magic
 13806 | D:9      | Reached **** piety under Sif Muna
 13876 | D:9      | Reached skill level 10 in Conjurations
 14225 | D:9      | Noticed Maurice
 14238 | D:9      | Killed Maurice
 14238 | D:9      | Reached skill level 1 in Invocations
 14453 | D:9      | Reached XP level 11. HP: 36/74 MP: 14/20
 14694 | D:9      | Learned a level 2 spell: Cure Poison
 14696 | D:9      | Noticed Gargoyl's ghost (novice DsAK)
 14760 | D:9      | Found a staircase to the Lair.
 15041 | D:9      | Killed Gargoyl's ghost
 15041 | D:9      | Reached ***** piety under Sif Muna
 15436 | D:9      | Found a stormy altar of Qazlal.
 15687 | D:10     | Entered Level 10 of the Dungeon
 15930 | D:10     | You fall through a shaft for 2 floors!
 16440 | D:10     | Reached skill level 5 in Invocations
 17015 | D:10     | Noticed a hill giant
 17028 | D:10     | Killed a hill giant
 17028 | D:10     | Reached skill level 12 in Fire Magic
 17121 | Lair:1   | Entered Level 1 of the Lair of Beasts
 17801 | Lair:1   | Noticed a four-headed hydra
 17823 | Lair:1   | Killed a four-headed hydra
 18710 | Lair:1   | Reached ****** piety under Sif Muna
 18711 | Lair:1   | Noticed godescalc's ghost (journeyman SpEn)
 18725 | Lair:1   | HP: 2/74 [godescalc's ghost/Olgreb's Toxic Radiance (10)]
 18726 | Lair:1   | Succumbed to godescalc's ghost's toxic radiance

Action                   |  1- 3 |  4- 6 |  7- 9 | 10-12 || total
-------------------------+-------+-------+-------+-------++-------
Melee: Unarmed           |     2 |       |       |       ||     2
       Short sword       |     8 |       |       |       ||     8
       Spear             |    25 |    58 |   197 |   134 ||   414
       Scimitar          |       |       |     8 |       ||     8
       Staff             |       |       |     1 |    49 ||    50
Throw: Throwing net      |       |       |       |     2 ||     2
 Cast: Flame Tongue      |    48 |    61 |   240 |   301 ||   650
       Conjure Flame     |       |     5 |    13 |    10 ||    28
       Sticky Flame      |       |       |     8 |    40 ||    48
       Fireball          |       |       |       |     3 ||     3
Invok: Channel Energy    |       |       |       |    14 ||    14
Evoke: Wand              |     1 |     2 |     1 |       ||     4
  Use: Scroll            |     7 |     1 |     7 |     2 ||    17
       Potion            |     1 |     1 |       |     1 ||     3
 Stab: Sleeping          |       |       |     3 |     1 ||     4
       Distracted        |       |       |       |     2 ||     2
  Eat: Bread ration      |     1 |     1 |     3 |     1 ||     6
       Chunk             |       |     3 |    10 |    10 ||    23
       Fruit             |       |       |     1 |     4 ||     5
       Beef jerky        |       |       |     1 |     2 ||     3
       Royal jelly       |       |       |       |     1 ||     1
       Pizza             |       |       |       |     2 ||     2
       Meat ration       |       |       |       |     1 ||     1
